[Event "Early-Titled-Tuesday-Blitz-September-12-2023"]
[Site "Chess.com"]
[Date "2023.09.12"]
[Round "8"]
[White "attack2mateU"]
[Black "JimDiGrease"]
[Result "0-1"]
[WhiteElo "2733"]
[BlackElo "2863"]
[TimeControl "180+1"]
[EndTime "9:30:56 PDT"]
[Termination "JimDiGrease won by resignation"]

1. e4 c5 2. Nf3 e6 3. c3 d5 4. exd5 Qxd5 5. d4 Nf6 6. Na3 Qd8 7. Nc4 Nc6 8. Be3 Nd5 9. Bd3 Bd7 10. Qe2 cxd4 11.
Nxd4 Nxd4 12. Bxd4 Nf4 13. Qf3 Nxd3+ 14. Qxd3 f6 15.
O-O-O Qc7 16. Rhe1 Be7 17. Ne3 Kf7 18. Bxf6 gxf6 19.
Qxd7 Rac8 20. Kb1 Rhd8 21. Qa4 Rxd1+ 22. Rxd1 Rd8 23. Rxd8 Qxd8 24. Kc2 a6 25. Qe4 f5 26. Qxb7 Qa5 27. Nc4 Qxa2 28. Ne5+ Kf6 29. f4 Qa4+ 30.
b3 Qxf4 31. Nf3 Qe3 32. Qxa6 Qf2+ 33. Kb1 Qxg2 34. Nd4 Qe4+ 35. Kb2 Bc5 36. Nc2 f4 37. b4 Bg1 38. Qf1 Bxh2 39. Qh3 Bg3 40. Qh6+ Qg6 41.
Qf8+ Qf7 42. Qd8+ Qe7 43. Qd4+ e5 44. Qe4 h5 45. b5 Qc5 46. c4 Bf2 47. Kb3 h4 48.
Qh7 Kg5 49. Qg7+ Kf5 50. Qd7+ Ke4 51. Nb4 Kf3 52. Nd3 Qe3 53. Qh3+ Ke2 54. Qxe3+ Bxe3 55. c5 Kxd3 56. Kb4 Bxc5+ 57. Kxc5 f3 58. b6 f2 59. b7 f1=Q 60. b8=Q Qf2+ 61. Kd6 Qd4+ 62. Ke6 e4 63. Qb3+ Qc3 64. Qd1+ Qd2 65. Qf1+ Qe2 66. Qb1+ Ke3 67. Qg1+ Kf3 68. Qh1+ Kg4 69. Qg1+ Kh5 70. Ke5 Qf3 71. Qg7 h3 72. Qh7+ Kg4 73. Qg6+ Kh4 74. Qh6+ Kg3 75. Qg5+ Kf2 76. Qd2+ Kg1 77. Qe1+ Kg2 78. Qd2+ Kf1 79. Qc1+ Kf2 80. Qd2+ Qe2 81. Qf4+ Kg2 82. Qg5+ Kf1 83. Qf4+ Qf2 84. Qc1+ Kg2 85.
Kxe4 h2 86. Qg5+ Kf1 87. Qh5 Qg2+ 88. Ke3 Qg3+ 89. Ke4 Kg1 90. Qd1+ Kg2 91. Qe2+ Qf2 92. Qg4+ Kf1 93. Qh3+ Qg2+ 0-1

[Event "Early-Titled-Tuesday-Blitz-September-12-2023"]
[Site "Chess.com"]
[Date "2023.09.12"]
[Round "8"]
[White "JiaHaoxiang"]
[Black "Byniolus"]
[Result "0-1"]
[WhiteElo "2597"]
[BlackElo "2797"]
[TimeControl "180+1"]
[EndTime "9:30:56 PDT"]
[Termination "Byniolus won on time"]

1. d4 d6 2. Nf3 Bg4 3. Nbd2 Nf6 4. h3 Bh5 5. g4 Bg6 6. Bg2 c6 7. Nh4 e6 8. Nxg6 hxg6 9. c3 d5 10. Qb3 Qb6 11. Nf1 Bd6 12. Bg5 Nbd7 13. O-O-O Qc7 14.
Kb1 O-O-O 15. Nd2 Bf4 16. Bxf6 gxf6 17. e3 Bd6 18. c4 Kb8 19. Rc1 Qb6 20. Qd3 Be7 21. Rc3 f5 22. cxd5 cxd5 23. Rhc1 Rc8 24. gxf5 gxf5 25. Rxc8+ Rxc8 26. Rxc8+ Kxc8 27. Nf3 Qc7 28.
Bf1 Bf6 29. Be2 Kd8 30. h4 a6 31. h5 Ke7 32. Qa3+ Qd6 33. Qb3 b5 34. Qc2 Nb6 35.
h6 Kf8 36. Ne5 Kg8 37. f4 Bxe5 38.
dxe5 Qb4 39. a3 Qe4 40. Bd3 Qh1+ 41. Ka2 Qxh6 42. Qc6 Nc4 43. Bxc4 bxc4 44. Qxa6 Qh2 45. a4 Qc2 46. Qb5 Qd2 47. a5 Qxe3 48. a6 Kg7 49.
Qb7 c3 50. a7 c2 51. Qc7 c1=Q 52. Qxc1 Qxc1 53. a8=Q Qc4+ 54. Ka1 Qxf4 55. Qb8 Qc1+ 56. Ka2 Qc4+ 57. Ka1 Qa4+ 58. Kb1 Qd7 59. Qb4 d4 60. Qd2 f6 61. exf6+ Kxf6 62. Qh6+ Ke5 63. Qh2+ Kd5 64. Qg2+ Kd6 65. Qg3+ e5 66. Qa3+ Ke6 67. Qa6+ Qd6 68. Qc8+ Kf6 69. Qh8+ Kg5 70. Qh3 f4 71. Qg2+ Kf5 72.
Qh3+ Kf6 73. Qh6+ Ke7 74. Qg7+ Ke6 75. Qg8+ Kd7 76. Qf7+ Kc6 77. Qc4+ Kb6 78. Qb3+ Kc7 79. Qc4+ Qc6 80. Qf7+ Kb6 81. Qb3+ Qb5 82. Qe6+ Ka5 83.
Qa2+ Kb4 84. Qa3+ Kc4 85. Qa2+ Kd3 86. Qe6 Ke3 87. Qh3+ f3 88. Qh6+ Ke2 0-1

[Event "Early-Titled-Tuesday-Blitz-September-12-2023"]
[Site "Chess.com"]
[Date "2023.09.12"]
[Round "8"]
[White "Mikhail_Golubev"]
[Black "ploxoi"]
[Result "1-0"]
[WhiteElo "2598"]
[BlackElo "2402"]
[TimeControl "180+1"]
[EndTime "9:31:15 PDT"]
[Termination "Mikhail_Golubev won by resignation"]

1. e4 c5 2. Nf3 e6 3. d4 cxd4 4. Nxd4 Nc6 5. Nc3 Qc7 6. Be3 a6 7. a3 Nf6 8. f4 d6 9. Qf3 Be7 10. O-O-O h5 11. Be2 Bd7 12. Kb1 Rc8 13. Rhf1 b5 14. f5 e5 15. Nb3 b4 16. axb4 Nxb4 17.
Rd2 a5 18. Nb5 Qb8 19. c4 a4 20.
Na5 Qa8 21. Bb6 Qxe4+ 22. Qxe4 Nxe4 23. Rdd1 Bxb5 24. cxb5 d5 25. Nc6 Nxc6 26. bxc6 Nf6 27. c7 Bd6 28. Rc1 Nd7 29. Ba5 Ke7 30. Ba6 Nc5 31. Bxc8 Rxc8 32. Rfd1 d4 33. Rc4 f6 34. Rdc1 Nb7 35. Bb6 Kd7 36. Rxa4 Bxc7 37. Ra7 Bxb6 38.
Rxb7+ Bc7 39. b4 Kd6 40. Ra7 d3 41. Ra6+ Kd7 42. Rd1 e4 43. b5 Rb8 44. Ra4 Rxb5+ 45. Ka2 Re5 46. Rd4+ Bd6 47. Rb1 Ra5+ 48. Kb3 Rb5+ 49. Ka2 Rxb1 50. Kxb1 Kc6 51. Rxe4 Kd5 52. Re6 Be5 53. Kc1 Ke4 54. g3 Kxf5 55. Re7 g6 56.
Kd2 Ke4 57. Rb7 Kf3 58. Kxd3 Kg2 59. Ke4 Kxh2 60. Kf3 Bxg3 61. Rf7 Be5 62. Rg7 Kh3 63. Rxg6 Kh4 64. Rg2 f5 65. Rg1 Bh2 66. Rg2 Kh3 67.
Rg5 Kh4 68. Rxf5 Bd6 69. Rd5 Bh2 70. Rb5 Bd6 71. Rd5 Be7 72. Re5 Bd6 73. Rb5 Bh2 74. Rb4+ Kg5 75. Rb5+ Kg6 76. Rb2 Be5 77. Rg2+ Kf5 78.
Ra2 h4 79. Ra8 Kg5 80. Rg8+ Kh5 81. Rf8 Bg7 82. Rf5+ Kg6 83. Kg4 Bh6 84. Rb5 Bg7 85. Kxh4 Bf6+ 86. Kg4 Kh7 87. Kf5 Bd4 88. Rb7+ Kh6 89.
Rb4 Be3 90. Rb3 Bd4 91. Rd3 Bb2 92. Rh3+ Kg7 93. Rb3 Bc1 94. Rb7+ Kh6 95. Rb1 Bd2 96.
Rh1+ Kg7 97. Rh2 Be3 98. Re2 Bc5 99. Re6 Bd4 100. Rc6 Bb2 101. Rg6+ Kf7 102. Rb6 Ke7 103. Rb7+ Kd6 104. Rxb2 1-0

[Event "Early-Titled-Tuesday-Blitz-September-12-2023"]
[Site "Chess.com"]
[Date "2023.09.12"]
[Round "8"]
[White "Cambek64"]
[Black "Al_Shima"]
[Result "1/2-1/2"]
[WhiteElo "2492"]
[BlackElo "2339"]
[TimeControl "180+1"]
[EndTime "9:31:59 PDT"]
[Termination "Game drawn - insufficient material"]

1. b3 e5 2. Bb2 Nc6 3. e3 Nf6 4. c4 d5 5. cxd5 Nxd5 6. a3 a6 7. Nc3 Be6 8. b4 Nxc3 9. Bxc3 Bd6 10. Qc2 O-O 11. Bd3 f5 12. Bb2 Qg5 13. Kf1 e4 14. Bc4 Rae8 15. h4 Qh6 16. g3 Ne5 17. Bxe5 Bxe5 18.
Rd1 Bxc4+ 19. Qxc4+ Kh8 20. Nh3 Qh5 21. Qe2 Qxe2+ 22.
Kxe2 Bb2 23. a4 Rd8 24. d4 exd3+ 25. Rxd3 Rxd3 26. Kxd3 Rd8+ 27. Kc2 Be5 28. Ng5 Kg8 29.
Nf3 Bf6 30. Rd1 Rxd1 31. Kxd1 Kf7 32. Kc2 Ke6 33. Kd3 Kd5 34. Nd2 Be7 35. Kc3 b5 36.
axb5 axb5 37. f3 h5 38. e4+ Ke6 39. exf5+ Kxf5 40. Ne4 c6 41. Kb3 Ke5 42. Kc3 Kd5 43.
Nf2 Bf6+ 44. Kd3 Be5 45. Ne4 Ke6 46. g4 g6 47. Ke3 Bc7 48. Kd4 Bd8 49. gxh5 gxh5 50.
Ng3 Bxh4 51. Nxh5 Kd7 52. Nf4 Be1 53. Nd3 Bd2 54. Ke4 Ke6 55. f4 Bc3 56. f5+ Kd6 57.
Kf4 Kd5 58. Ke3 Kc4 59. Ke4 Bf6 60. Ke3 Kd5 61. Kf3 Kd4 62. Ke2 Ke4 63. Kd2 Kxf5 64. Kc2 Ke4 65. Nc5+ Kd5 66. Kb3 Be7 67. Nd3 Kd4 68.
Nf4 Bd6 69. Ne6+ Kd5 70. Ng5 Be5 71. Nf3 Bf6 72. Ne1 Kd4 73. Nc2+ Kd3 74. Na3 Bd4 75. Nc2 Be3 76. Na3 Bb6 77. Nc2 Be3 78. Na3 Kd2 79.
Nc2 Bf2 80. Na3 Kc1 81. Nc2 Kb1 82. Na3+ Ka1 83. Nc2+ Kb1 84. Na3+ Kc1 85. Nc2 Kd1 86.
Na3 Ke2 87. Nc2 Kd3 88. Na3 Ke4 89. Nc2 Kd5 90. Na3 Be3 91. Nc2 Bd2 92. Na3 Kd6 93.
Nc2 Kc7 94. Na3 Kb6 95. Nc2 Bf4 96. Na3 Bd6 97. Nc2 Kc7 98. Na3 Kd7 99. Nc2 Ke6 100. Na3 Kd5 101. Nc2 Ke4 102. Na3 Kd3 103. Nc2 Be5 104. Na3 Kd2 105. Nc2 Kc1 106. Na3 Bf6 107. Nc2 Kb1 108. Na3+ Kc1 109. Nc2 Bb2 110. Ne3 Ba1 111. Nf5 Be5 112. Ne7 Bd6 113. Nxc6 Bxb4 114. Kxb4 Kc2 115. Kxb5 1/2-1/2

[Event "Early-Titled-Tuesday-Blitz-September-12-2023"]
[Site "Chess.com"]
[Date "2023.09.12"]
[Round "9"]
[White "BatboldNyamsuren0919"]
[Black "Eagle_2019"]
[Result "0-1"]
[WhiteElo "2516"]
[BlackElo "2695"]
[TimeControl "180+1"]
[EndTime "9:39:06 PDT"]
[Termination "Eagle_2019 won by resignation"]

1. d4 d5 2. c4 e6 3. Nc3 Nf6 4.
cxd5 exd5 5. Bg5 c6 6. Qc2 Bd6 7. e3 O-O 8. Bd3 h6 9. Bh4 Re8 10. Nge2 a5 11. O-O Bxh2+ 12. Kxh2 Ng4+ 13. Kg3 g5 14. Be4 0-1

[Event "Early-Titled-Tuesday-Blitz-September-12-2023"]
[Site "Chess.com"]
[Date "2023.09.12"]
[Round "9"]
[White "Good_Knight_Kiss"]
[Black "Kapitan_Bayan"]
[Result "1-0"]
[WhiteElo "2394"]
[BlackElo "2201"]
[TimeControl "180+1"]
[EndTime "9:40:54 PDT"]
[Termination "Good_Knight_Kiss won by resignation"]

1. e4 c5 2. Nf3 d6 3. d4 cxd4 4. Nxd4 Nf6 5. Nc3 a6 6. h3 e5 7. Nde2 h5 8. Bg5 Be7 9. Bxf6 Bxf6 10. Nd5 Bg5 11. Nec3 Be6 12. Bc4 Nd7 13. O-O b5 14.
Bb3 Nc5 15. a4 b4 16. Nxb4 Bxb3 17. cxb3 Rb8 18. Nc6 Qc7 19. Nxb8 Qxb8 20. b4 Qxb4 21. Qxd6 Be7 22. Qc6+ Kf8 23. Qc8+ 1-0

[Event "Early-Titled-Tuesday-Blitz-September-12-2023"]
[Site "Chess.com"]
[Date "2023.09.12"]
[Round "9"]
[White "PeshkaCh"]
[Black "Mikhail_Golubev"]
[Result "1/2-1/2"]
[WhiteElo "2772"]
[BlackElo "2602"]
[TimeControl "180+1"]
[EndTime "9:41:02 PDT"]
[Termination "Game drawn by repetition"]

1. Nf3 d6 2. d4 Nf6 3. c4 g6 4. Nc3 Bg7 5. g3 O-O 6. Bg2 Nbd7 7. O-O e5 8. b3 Re8 9. Bb2 c6 10. dxe5 dxe5 11. Qc2 Qc7 12. Rad1 Nc5 13. Qc1 e4 14.
Nd4 e3 15. f4 Ng4 16. Nf3 Nf2 17. Rde1 Nh3+ 18. Kh1 Nf2+ 19. Kg1 Nh3+ 20. Kh1 Nf2+ 21.
Kg1 1/2-1/2

[Event "Early-Titled-Tuesday-Blitz-September-12-2023"]
[Site "Chess.com"]
[Date "2023.09.12"]
[Round "9"]
[White "ShiroglanTalibov"]
[Black "Oleksandr_Bortnyk"]
[Result "0-1"]
[WhiteElo "2853"]
[BlackElo "3015"]
[TimeControl "180+1"]
[EndTime "9:41:25 PDT"]
[Termination "Oleksandr_Bortnyk won by resignation"]

1. e4 Nf6 2. e5 Nd5 3. c4 Nb6 4. d4 d6 5. f4 dxe5 6. fxe5 Bf5 7. Be3 e6 8. Nc3 Bb4 9. Be2 c5 10. a3 Bxc3+ 11. bxc3 Nc6 12. Nf3 O-O 13. O-O Na5 14.
Nd2 Bg6 15. Kh1 Rc8 16. Rc1 Qd7 17. d5 Qa4 18. d6 Qxd1 19. Rfxd1 Nd7 20. Nf3 Nb3 21. Rb1 Bxb1 22. Rxb1 Na5 23. Bd3 Rc6 24.
Be4 Rb6 25. Rxb6 axb6 26. Bd3 Ra8 0-1

[Event "Early-Titled-Tuesday-Blitz-September-12-2023"]
[Site "Chess.com"]
[Date "2023.09.12"]
[Round "9"]
[White "schackspelaren"]
[Black "sqmorr"]
[Result "0-1"]
[WhiteElo "2254"]
[BlackElo "2176"]
[TimeControl "180+1"]
[EndTime "9:41:27 PDT"]
[Termination "sqmorr won by resignation"]

1. e4 c5 2. Nf3 d6 3. d4 cxd4 4.
Nxd4 Nf6 5. Nc3 a6 6. Rg1 e5 7.
Nf5 d5 8. Ng3 d4 9. Nb1 Bb4+ 10.
c3 Bc5 11. Be2 O-O 12. b4 Bb6 13. c4 d3 14. c5 dxe2 15. Qxe2 Bc7 16. Bb2 Nc6 17.
Nd2 Nxb4 0-1

[Event "Early-Titled-Tuesday-Blitz-September-12-2023"]
[Site "Chess.com"]
[Date "2023.09.12"]
[Round "9"]
[White "assezde36"]
[Black "Beca95"]
[Result "0-1"]
[WhiteElo "2814"]
[BlackElo "2967"]
[TimeControl "180+1"]
[EndTime "9:41:37 PDT"]
[Termination "Beca95 won by resignation"]

1. e4 e5 2. Nf3 Nc6 3. Bb5 Bc5 4. c3 Nf6 5. d4 exd4 6. e5 Nd5 7. O-O Be7 8. cxd4 d6 9. Nbd2 O-O 10. h3 a6 11.
Bxc6 bxc6 12. Ne4 h6 13. Re1 a5 14. b3 Be6 15. Bd2 Qd7 16. Rc1 Rfb8 17. Qc2 Rb6 18. Nc3 Nb4 19. Qb1 Bf5 20. Ne4 d5 0-1

[Event "Early-Titled-Tuesday-Blitz-September-12-2023"]
[Site "Chess.com"]
[Date "2023.09.12"]
[Round "9"]
[White "econpower"]
[Black "Rud_Makarian"]
[Result "0-1"]
[WhiteElo "2758"]
[BlackElo "2958"]
[TimeControl "180+1"]
[EndTime "9:42:06 PDT"]
[Termination "Rud_Makarian won by resignation"]

1. d4 Nf6 2. Nf3 c5 3. d5 b5 4. c4 b4 5. a4 g6 6. g3 Bg7 7. Bg2 O-O 8. O-O Bb7 9. Nbd2 e6 10.
e4 exd5 11. exd5 d6 12. Rb1 Bc8 13. Nh4 g5 14. Nhf3 h6 15. h4 g4 16. Ne1 Bf5 17. Ra1 Nbd7 18. f3 Ne5 19. fxg4 Bxg4 20. Qc2 Nh5 21. Kh2 f5 22. Ndf3 f4 23. gxf4 Bf5 24.
Qf2 Ng4+ 0-1

[Event "Early-Titled-Tuesday-Blitz-September-12-2023"]
[Site "Chess.com"]
[Date "2023.09.12"]
[Round "9"]
[White "MdImranCM"]
[Black "play1ngtheangel"]
[Result "1-0"]
[WhiteElo "2512"]
[BlackElo "2635"]
[TimeControl "180+1"]
[EndTime "9:42:11 PDT"]
[Termination "MdImranCM won by resignation"]

1. d4 Nf6 2. Bf4 e6 3. Nd2 d5 4. e3 Be7 5. Bd3 O-O 6. Ngf3 Nbd7 7. h4 c5 8. c3 a5 9. Ne5 c4 10. Bc2 b5 11. h5 Nxe5 12. dxe5 Nd7 13. Qg4 Kh8 14. h6 g5 15. Nf3 Rg8 16. Bg3 f5 17. exf6 Bxf6 18. Qxe6 Nf8 19. Qf7 Be6 20. Ne5 Qe7 21. Qxe7 Bxe7 22. Nf7+ Bxf7 23. Be5+ 1-0

[Event "Early-Titled-Tuesday-Blitz-September-12-2023"]
[Site "Chess.com"]
[Date "2023.09.12"]
[Round "9"]
[White "Ready4abattle"]
[Black "Artemiki"]
[Result "1-0"]
[WhiteElo "2318"]
[BlackElo "2138"]
[TimeControl "180+1"]
[EndTime "9:42:18 PDT"]
[Termination "Ready4abattle won by resignation"]

1. e4 e5 2. Nf3 Nc6 3. Bc4 Bc5 4. b4 Bxb4 5. c3 Ba5 6. Qb3 Qe7 7. d4 d6 8. O-O Nf6 9. d5 Nxe4 10. dxc6 bxc6 11.
Qa4 O-O 12. Qxa5 Bg4 13. Nbd2 Bxf3 14. Nxf3 Kh8 15. Ba3 f6 16. Rfe1 f5 17. Bd3 Nf6 18. Nxe5 Qe8 19. Ng4 Qh5 20. Nxf6 Rxf6 21. Be2 Qh4 22.
g3 Qh3 23. Bf1 Qg4 24. Bg2 1-0

[Event "Early-Titled-Tuesday-Blitz-September-12-2023"]
[Site "Chess.com"]
[Date "2023.09.12"]
[Round "9"]
[White "Byniolus"]
[Black "seramoral"]
[Result "0-1"]
[WhiteElo "2785"]
[BlackElo "2631"]
[TimeControl "180+1"]
[EndTime "9:42:19 PDT"]
[Termination "seramoral won by resignation"]

1. b4 e5 2. a3 d5 3. Bb2 Bd6 4. e3 Nf6 5. Nf3 e4 6. Nd4 c6 7. c4 O-O 8. Be2 a5 9. c5 Be5 10. f4 exf3 11. gxf3 Ne4 12. O-O Qg5+ 0-1

[Event "Early-Titled-Tuesday-Blitz-September-12-2023"]
[Site "Chess.com"]
[Date "2023.09.12"]
[Round "9"]
[White "Evgeny81"]
[Black "NicolaiMaxime"]
[Result "1-0"]
[WhiteElo "2744"]
[BlackElo "2557"]
[TimeControl "180+1"]
[EndTime "9:42:19 PDT"]
[Termination "Evgeny81 won by resignation"]

1. e4 c5 2. Nf3 Nc6 3. d4 cxd4 4. Nxd4 e5 5. Nb5 d6 6. c4 Be6 7. Be2 a6 8. N5c3 g6 9. O-O Bg7 10. Na3 Nge7 11. Nc2 O-O 12. Ne3 Rc8 13. b3 Nd4 14. Bb2 Nec6 15. Kh1 Nxe2 16. Nxe2 b5 17. Rc1 f5 18.
exf5 gxf5 19. f4 Qb6 20. Qxd6 Qxe3 21. Qxe6+ Kh8 22. Ng3 Rf6 23. Qxc8+ 1-0

[Event "Early-Titled-Tuesday-Blitz-September-12-2023"]
[Site "Chess.com"]
[Date "2023.09.12"]
[Round "9"]
[White "MartinMatthiesen"]
[Black "Goryachkina"]
[Result "1/2-1/2"]
[WhiteElo "2524"]
[BlackElo "2650"]
[TimeControl "180+1"]
[EndTime "9:42:36 PDT"]
[Termination "Game drawn by repetition"]

1. d4 Nf6 2. c4 e6 3. Nf3 d5 4.
Nc3 Nbd7 5. Bf4 dxc4 6. e3 Bd6 7. Bxd6 cxd6 8. Bxc4 Nb6 9. Bd3 O-O 10. O-O Nbd5 11.
Rc1 Bd7 12. Qb3 Bc6 13. Nxd5 Bxd5 14. Bc4 Bxf3 15. gxf3 Qe7 16. Rfd1 h6 17. f4 Rac8 18. Bf1 Ne4 19. Bg2 d5 20. Bxe4 dxe4 21. Rc4 Qh4 22. Rdc1 Qg4+ 23. Kf1 Qh3+ 24. Kg1 Qg4+ 25. Kf1 Qh3+ 26.
Kg1 Qg4+ 1/2-1/2

[Event "Early-Titled-Tuesday-Blitz-September-12-2023"]
[Site "Chess.com"]
[Date "2023.09.12"]
[Round "9"]
[White "F-Ghaith2021"]
[Black "fen_fire"]
[Result "0-1"]
[WhiteElo "2296"]
[BlackElo "2480"]
[TimeControl "180+1"]
[EndTime "9:42:41 PDT"]
[Termination "fen_fire won by resignation"]

1. e4 c6 2. d4 d6 3. Nf3 Nf6 4. Nc3 Nbd7 5. Bd3 e5 6. O-O Be7 7. h3 O-O 8. Re1 Re8 9. Be3 Bf8 10. Qd2 a6 11. Ne2 d5 12. dxe5 Nxe5 13. Nxe5 Rxe5 14. f4 Nxe4 15. fxe5 Nxd2 16. Bxd2 Qh4 17. Nf4 Bc5+ 18. Kh1 g5 19. b4 Bf2 20. e6 gxf4 21. e7 Be6 22. Rf1 Bxh3 0-1

[Event "Early-Titled-Tuesday-Blitz-September-12-2023"]
[Site "Chess.com"]
[Date "2023.09.12"]
[Round "9"]
[White "pankajfm"]
[Black "EvgenyBurmakin"]
[Result "0-1"]
[WhiteElo "2101"]
[BlackElo "2272"]
[TimeControl "180+1"]
[EndTime "9:42:48 PDT"]
[Termination "EvgenyBurmakin won by resignation"]

1. d4 Nf6 2. Bf4 g6 3. Nc3 Bg7 4. e4 d6 5. Qd2 Nc6 6. O-O-O d5 7.
e5 Ne4 8. Nxe4 dxe4 9. Bb5 O-O 10. Ne2 f6 11. Bh6 fxe5 12. Bxg7 Kxg7 13. Bxc6 bxc6 14. Qc3 Rxf2 15. dxe5 Qe8 16. e6+ Kg8 17. Ng3 Bxe6 18. Nxe4 Rxg2 19. Qe5 Bf5 20. Ng3 Rxc2+ 21. Kb1 Rc5+ 0-1

[Event "Early-Titled-Tuesday-Blitz-September-12-2023"]
[Site "Chess.com"]
[Date "2023.09.12"]
[Round "9"]
[White "Chessdreamer2020"]
[Black "Aleksandar-Topalov"]
[Result "1-0"]
[WhiteElo "2515"]
[BlackElo "2342"]
[TimeControl "180+1"]
[EndTime "9:42:49 PDT"]
[Termination "Chessdreamer2020 won by resignation"]

1. e4 e6 2. Nf3 d5 3. Nc3 Nf6 4. e5 Ng8 5. Ne2 b6 6. d4 Qd7 7. c3 Ba6 8. g3 c5 9. h4 h5 10. Bh3 Nc6 11. O-O Nge7 12. Be3 cxd4 13. cxd4 Na5 14. b3 Nec6 15. Re1 Nb4 16. Nf4 Rc8 17. Rc1 Nxa2 18. Rxc8+ Qxc8 19. Qd2 Nb4 20. Rc1 Qd7 21. Qd1 Be7 22. Ng5 Bxg5 23. hxg5 g6 24. Kg2 Kf8 25.
Bxe6 fxe6 26. Nxg6+ Kg7 27. Nxh8 Kxh8 28. Qxh5+ Kg8 29. Rh1 Bd3 30. Qh8+ Kf7 31. Qf6+ 1-0

[Event "Early-Titled-Tuesday-Blitz-September-12-2023"]
[Site "Chess.com"]
[Date "2023.09.12"]
[Round "9"]
[White "Juicy_Fork"]
[Black "Amirreza_p"]
[Result "1-0"]
[WhiteElo "2481"]
[BlackElo "2552"]
[TimeControl "180+1"]
[EndTime "9:42:55 PDT"]
[Termination "Juicy_Fork won by resignation"]

1. e4 c6 2. d4 d5 3. f3 e6 4.
Nc3 Bb4 5. Bd2 Nf6 6. e5 Nfd7 7. a3 Bxc3 8. Bxc3 c5 9. f4 cxd4 10. Qxd4 Nc6 11. Qf2 O-O 12. Nf3 Qb6 13. Bd3 Nc5 14. Bxh7+ Kxh7 15. Qh4+ Kg8 16. Ng5 Re8 17. Qh7+ Kf8 18.
Qh8+ Ke7 19. Qxg7 Nd8 20. O-O-O a5 21. h4 Rf8 22. h5 Bd7 23. h6 Ne4 24. Nxe4 dxe4 25.
Qf6+ Ke8 26. h7 1-0

[Event "Early-Titled-Tuesday-Blitz-September-12-2023"]
[Site "Chess.com"]
[Date "2023.09.12"]
[Round "9"]
[White "Chessbard1972"]
[Black "VOneChess"]
[Result "1-0"]
[WhiteElo "2450"]
[BlackElo "2203"]
[TimeControl "180+1"]
[EndTime "9:43:10 PDT"]
[Termination "Chessbard1972 won on time"]

1. d4 Nf6 2. Nf3 e6 3. c4 Bb4+ 4. Nbd2 b6 5. a3 Bxd2+ 6. Bxd2 Bb7 7. Bf4 O-O 8. h3 d6 9. e3 Nbd7 10. Be2 Qe7 11. O-O e5 12. Bh2 Rfe8 13. b4 Ne4 14. Qc2 exd4 15. exd4 Ndf6 16. Bd3 Qd7 17. Rae1 Qf5 18.
Nd2 Qg6 19. f3 d5 20. cxd5 Nxd5 21. fxe4 Nf6 22. d5 Rad8 23. Nf3 1-0

[Event "Early-Titled-Tuesday-Blitz-September-12-2023"]
[Site "Chess.com"]
[Date "2023.09.12"]
[Round "9"]
[White "APOKALIPSA13"]
[Black "Sleepless_Knightmare"]
[Result "1-0"]
[WhiteElo "2284"]
[BlackElo "2407"]
[TimeControl "180+1"]
[EndTime "9:43:14 PDT"]
[Termination "APOKALIPSA13 won by resignation"]

1. e4 c6 2. Nf3 d5 3. exd5 cxd5 4. d4 Nc6 5. Bd3 Bg4 6. O-O e6 7. c3 Bd6 8. Qb3 Qd7 9. Ne5 Bxe5 10. dxe5 Nxe5 11. Bb5 Nc6 12. Qa4 Nf6 13. Bg5 Bf5 14. Bxf6 gxf6 15. Nd2 Rg8 16. Qh4 Qe7 17. Rfe1 a6 18.
Bxc6+ bxc6 19. h3 Rg6 20. Re3 Kd7 21. Nb3 Rag8 22. g3 c5 23. Qa4+ Kd8 24. Qxa6 Bxh3 25. Qa8+ Kc7 26. Qa7+ Kd8 27. Qb8+ Kd7 28. Qb5+ Kd6 29.
Qxc5+ Kd7 30. Qa7+ Ke8 31. Qa8+ Qd8 32. Qb7 h5 33. Rd1 Bg4 34. Rxd5 Qe7 1-0

[Event "Early-Titled-Tuesday-Blitz-September-12-2023"]
[Site "Chess.com"]
[Date "2023.09.12"]
[Round "9"]
[White "FairChess_on_YouTube"]
[Black "TigrVShlyape"]
[Result "1/2-1/2"]
[WhiteElo "3043"]
[BlackElo "2948"]
[TimeControl "180+1"]
[EndTime "9:43:16 PDT"]
[Termination "Game drawn by agreement"]

1. d4 Nf6 2. c4 e6 3. Nf3 b6 4.
a3 Bb7 5. Nc3 d6 6. g3 g6 7. Bg2 Bg7 8. O-O Nbd7 9. Qc2 O-O 10. e4 e5 11. d5 Kh8 12. b4 Qe7 13. Rb1 c6 14. dxc6 Bxc6 15. Bg5 h6 16. Bxf6 Nxf6 17. Rfd1 Rfd8 18. Bh3 h5 19. Qd3 Bh6 20. Nd2 Kg7 21. Nf1 Qb7 22. Bg2 a6 23. Ne3 b5 24. Ned5 Bxd5 25.
Nxd5 Nxd5 26. exd5 bxc4 27. Qxc4 Rdc8 28. Qb3 Rc7 1/2-1/2

[Event "Early-Titled-Tuesday-Blitz-September-12-2023"]
[Site "Chess.com"]
[Date "2023.09.12"]
[Round "9"]
[White "RCone"]
[Black "NotFischer"]
[Result "1-0"]
[WhiteElo "2353"]
[BlackElo "2281"]
[TimeControl "180+1"]
[EndTime "9:43:16 PDT"]
[Termination "RCone won by resignation"]

1. e4 c5 2. Nc3 Nc6 3. Bb5 Na5 4. Nf3 a6 5. Be2 Nc6 6. d4 cxd4 7. Nxd4 d6 8. Be3 Nf6 9. O-O e6 10. f4 Qc7 11. Kh1 Be7 12. Bd3 Nxd4 13. Bxd4 e5 14.
Be3 Be6 15. f5 Bc4 16. Bg5 b5 17. Bxf6 gxf6 18. Bxc4 bxc4 19. Nd5 Qb7 20. Qg4 O-O-O 21. Qe2 Kb8 22. Qxc4 Rc8 23. Qd3 Rhg8 24. Rf3 Rg4 25.
h3 Rg5 26. Nxe7 Qxe7 27. Qxa6 1-0

[Event "Early-Titled-Tuesday-Blitz-September-12-2023"]
[Site "Chess.com"]
[Date "2023.09.12"]
[Round "9"]
[White "DarZay"]
[Black "Gyulamiryan-koryun"]
[Result "1-0"]
[WhiteElo "2264"]
[BlackElo "2022"]
[TimeControl "180+1"]
[EndTime "9:43:21 PDT"]
[Termination "DarZay won on time"]

1. e4 c5 2. Nf3 d6 3. d4 cxd4 4. Nxd4 Nf6 5. Nc3 a6 6. Be2 e5 7. Nb3 Be6 8. Be3 Be7 9. a4 Nc6 10. O-O O-O 11. f3 d5 12. exd5 Nxd5 13. Nxd5 Bxd5 14.
Nd2 f5 15. Nc4 f4 16. Bb6 Qd7 17. Bf2 Rad8 18. Nb6 Qe6 19. Nxd5 Kh8 20. c4 e4 21. fxe4 Qxe4 22. Bd3 Qe5 23. Qe2 1-0

[Event "Early-Titled-Tuesday-Blitz-September-12-2023"]
[Site "Chess.com"]
[Date "2023.09.12"]
[Round "9"]
[White "Vision_64"]
[Black "mjray79"]
[Result "0-1"]
[WhiteElo "2366"]
[BlackElo "2543"]
[TimeControl "180+1"]
[EndTime "9:43:26 PDT"]
[Termination "mjray79 won by resignation"]

1. e4 c5 2. Nc3 d6 3. f4 Nc6 4. Nf3 g6 5. Bb5 Bg7 6. e5 Bd7 7. exd6 exd6 8. O-O Nge7 9. Ne4 Qc7 10. c3 d5 11. Bxc6 Qxc6 12. Ng3 O-O 13. d4 Bg4 14. Be3 h5 15. h3 Bxf3 16. Qxf3 h4 17. Ne2 c4 18. f5 Nxf5 19. Bg5 Rae8 20. Rae1 Re4 21.
Nf4 Rfe8 22. Rxe4 dxe4 23. Qe2 f6 24. Nxg6 fxg5 25. Rxf5 Qxg6 26. Qxc4+ Kh7 27. Qb5 e3 28. Rxg5 e2 29. Rxg6 e1=Q+ 30. Kh2 Kxg6 31. Qd3+ Qe4 0-1

[Event "Early-Titled-Tuesday-Blitz-September-12-2023"]
[Site "Chess.com"]
[Date "2023.09.12"]
[Round "9"]
[White "TERMINATOR_PC"]
[Black "farzadbfd"]
[Result "1-0"]
[WhiteElo "2562"]
[BlackElo "2692"]
[TimeControl "180+1"]
[EndTime "9:43:29 PDT"]
[Termination "TERMINATOR_PC won by resignation"]

1. e4 e5 2. Nf3 Nc6 3. Bc4 Bc5 4. O-O Nf6 5. d3 d6 6. c3 h6 7. a4 a6 8. Re1 O-O 9. h3 Re8 10. Nbd2 Be6 11. b4 Ba7 12. Bxe6 fxe6 13. Nf1 Nh5 14. g3 Rf8 15. Kg2 Qe7 16. Be3 Rf6 17. b5 Nd8 18.
bxa6 Bxe3 19. axb7 Nxb7 20. Rxe3 Nc5 21. a5 Na6 22. Nxe5 Nxg3 23. Ng4 Nh5 24. Nxf6+ Nxf6 25. d4 d5 26. Ng3 dxe4 27. c4 e5 28. Nxe4 exd4 29.
Qxd4 Nh5 30. Qd5+ 1-0